 Dungeon Crawl Stone Soup version 0.27-a0-277-g024f7ef292 (webtiles) character file.

Game seed: 11978767641402357206

612 siradein the Slasher (level 7, -1/57 HPs)
             Began as a Hill Orc Fighter on Feb 6, 2021.
             Killed by nerve-wracking pain
             ... invoked by a shadow imp
             ... summoned by Eustachio
              (7 damage)
             ... on level 5 of the Dungeon.
             The game lasted 00:09:23 (4543 turns).

siradein the Slasher (Hill Orc Fighter)             Turns: 4543, Time: 00:09:24

Health: -1/57      AC: 13    Str: 20    XL:     7   Next: 44%
Magic:  7/7        EV:  9    Int:  8    God:
Gold:   228        SH:  5    Dex: 11    Spells: 6/6 levels left

rFire    . . .     SeeInvis .   u - +4 glaive
rCold    . . .     Faith    .   (shield currently unavailable)
rNeg     . . .     Spirit   .   v - +2 scale mail
rPois    .         Reflect  +   l - +2 helmet
rElec    .         Harm     .   (no cloak)
rCorr    .         Rampage  .   (no gloves)
Will     .....                  o - +0 pair of boots
Stlth    ..........             y - amulet of reflection
HPRegen  0.19/turn              (no ring)
MPRegen  0.10/turn              (no ring)

@: no status effects
A: no striking features
a: no special abilities


You were on level 5 of the Dungeon.
You visited 1 branch of the dungeon, and saw 5 of its levels.

You collected 228 gold pieces.

Inventory:

Hand Weapons
 u - a +4 glaive (weapon)
Armour
 c - a +0 kite shield
 l - a +2 helmet (worn)
 o - a +0 pair of boots (worn)
 v - a +2 scale mail (worn)
Jewellery
 y - an amulet of reflection (around neck)
Wands
 p - a wand of random effects (21)
Scrolls
 e - a scroll of remove curse {unknown}
 f - 2 scrolls of teleportation {unknown}
 i - a scroll of identify {unknown}
 n - 3 scrolls of magic mapping {unknown}
 r - a scroll of enchant weapon {unknown}
 s - a scroll of noise {unknown}
 t - a scroll of random uselessness {unknown}
 w - a scroll of immolation {unknown}
 z - a scroll of amnesia {unknown}
Potions
 a - a potion of lignification {unknown}
 b - 2 potions of flight {unknown}
 d - 2 potions of might
 g - a potion of haste
 h - 2 potions of curing {unknown}
 j - 2 potions of degeneration {unknown}
 k - 2 potions of brilliance {unknown}
 m - a potion of magic {unknown}
 q - a potion of mutation {unknown}
 x - a potion of heal wounds {unknown}


   Skills:
 - Level 3.6 Fighting
 - Level 6.4 Long Blades
 + Level 5.7 Polearms
 - Level 3.2 Armour
 - Level 3.2 Shields


You had 6 spell levels left.
You didn't know any spells.
Your spell library was empty.

Dungeon Overview and Level Annotations

Branches:
Dungeon (5/15)
 Temple: D:4-7

Altars:
Zin
The Shining One
Beogh

Annotations:
D:5 Eustachio


Message History

The iron imp hits you.
* * * LOW HITPOINT WARNING * * *
You barely miss Eustachio. You block the quokka's attack.
The shadow imp barely misses you. Eustachio closely misses you.
The quokka closely misses you. The iron imp completely misses you.
The shadow imp closely misses you.
Eustachio hits you with a +2 rapier of electrocution!
* * * LOW HITPOINT WARNING * * *
You slash Eustachio!
Eustachio is moderately wounded.
The quokka bites you but does no damage.
The shadow imp hits you.
* * * LOW HITPOINT WARNING * * *
The iron imp barely misses you. Eustachio barely misses you.
The quokka completely misses you.
You hit the shadow imp.
The shadow imp is moderately wounded.
The shadow imp gestures at you. Pain shoots through your body!
You die...

#.....'........
...#..####........
#..#.......#'#####
#..#.#####.#.#
#..#....##.#.#
#....... #.#.# #
#5#... ..#.#
#.#r#(########.#
#b@@5..#.......#
###.5....#######
#......# #......#
#.....[# ########


You could see Eustachio, an iron imp (summoned), a quasit (summoned), a shadow
imp (summoned), a quokka (summoned) and a bat (summoned).

Vanquished Creatures
  Grinder (D:4)
  Edmund (D:4)
  The ghost of Aneyh the Firebug, an amateur TeFE (D:3)
  A howler monkey (D:4)
  2 worker ants (D:4)
  Robin (D:2)
  An adder (D:2)
  3 adder zombies (D:2)
  An adder skeleton (D:2)
  2 worms (D:2)
  2 dart slugs
  4 leopard geckos
  12 orcs
  4 bats
  2 bat skeletons (D:2)
  4 giant cockroaches
  13 goblins
  8 hobgoblins
  7 kobolds
  4 quokkas
  A ball python (D:1)
  5 frilled lizards
  2 jackal skeletons (D:2)
  2 jackal zombies (D:2)
  A leopard gecko skeleton (D:2)
  5 rats
90 creatures vanquished.

Vanquished Creatures (others)
  5 withered plants (D:2)
5 creatures vanquished.

Grand Total: 95 creatures vanquished

Notes
Turn   | Place    | Note
-------+----------+-------------------------------------------
     0 | D:1      | siradein the Hill Orc Fighter began the quest for the Orb.
     0 | D:1      | Reached XP level 1. HP: 19/19 MP: 1/1
   167 | D:1      | Reached skill level 3 in Long Blades
   167 | D:1      | Reached XP level 2. HP: 26/26 MP: 2/2
   661 | D:2      | Reached XP level 3. HP: 30/31 MP: 3/3
   704 | D:2      | Reached skill level 4 in Long Blades
  1370 | D:2      | Noticed Robin
  1376 | D:2      | Reached XP level 4. HP: 33/39 MP: 4/4
  1888 | D:2      | Killed Robin
  1889 | D:2      | Reached skill level 5 in Long Blades
  2691 | D:3      | Reached XP level 5. HP: 45/45 MP: 5/5
  2989 | D:3      | Found a runed translucent gate.
  2990 | D:3      | Found a runed translucent gate.
  2992 | D:3      | Found a runed translucent gate.
  2992 | D:3      | Noticed Aneyh's ghost (amateur TeFE)
  3098 | D:3      | Found a roughly hewn altar of Beogh.
  3529 | D:3      | Killed Aneyh's ghost
  3530 | D:3      | Reached skill level 6 in Long Blades
  3856 | D:4      | Noticed Edmund
  3874 | D:4      | Killed Edmund
  3875 | D:4      | Reached XP level 6. HP: 19/51 MP: 6/6
  4083 | D:4      | Noticed Grinder
  4099 | D:4      | Paralysed by Grinder for 2 turns
  4101 | D:4      | Killed Grinder
  4102 | D:4      | Reached skill level 5 in Polearms
  4102 | D:4      | Reached XP level 7. HP: 57/57 MP: 7/7
  4107 | D:4      | Found a glowing golden altar of the Shining One.
  4152 | D:4      | Found a glowing silver altar of Zin.
  4511 | D:5      | Entered Level 5 of the Dungeon
  4529 | D:5      | Noticed Eustachio
  4543 | D:5      | Killed from afar by a shadow imp

Illustrated notes

Levels and vault maps discovered:
D:1:      psy_arrival_whirlpool, layout_loops_cross, minmay_ruptured
D:2:      layout_loops_corners, serial_undead, serial_undead_f, serial_undead_d,
          serial_undead_b, serial_undead_b, minmay_curled_crystal, uniq_robin
D:3:      layout_basic, biasface_ghost_orc_armoury, kennysheep_generic_room_10
D:4:      layout_basic, grunt_temple_overflow_open, uniq_grinder, uniq_edmund
D:5:      layout_basic, minmay_temple_entry_statues_fountains, basic_altar,
          minmay_manual_mares, uniq_eustachio, uniq_prince_ribbit1, uniq_pikel

Skill      XL: |  1  2  3  4  5  6 |
---------------+-------------------+-----
Long Blades    | 3 4 5 6 |  6.4
Polearms       | 3 5 |  5.7
Fighting       | |  3.6
Armour         | |  3.2
Shields        | |  3.2

Action                   |  1- 3 |  4- 6 |  7- 9 || total
-------------------------+-------+-------+-------++-------
Melee: Long sword        |    87 |   155 |       ||   242
       Glaive            |       |    19 |    27 ||    46
Armor: Scale mail        |    20 |    12 |    15 ||    47
       Chain mail        |    13 |   125 |       ||   138
Dodge: Dodged            |    19 |    50 |    24 ||    93
Block: Kite shield       |    42 |   105 |       ||   147
       Other             |       |       |     3 ||     3
       Rpst.: Long sword |     8 |    13 |       ||    21

Table legend: (Time is in decaauts)
 A = Elapsed time spent in this place.
 B = Non-inter-level travel time spent in this place.
 C = Inter-level travel time spent in this place.
 D = Time resting spent in this place.
 E = Time spent auto-exploring this place.
 F = Levels seen in this place.
 G = Mean time per level.
                   A        B        C        D        E       F      G
               +--------+--------+--------+--------+--------+-----+--------+
         Total |   4669 |   4585 |     84 |    436 |   3229 |   5 |  933.8 |
       Dungeon |   4669 |   4585 |     84 |    436 |   3229 |   5 |  933.8 |
               +--------+--------+--------+--------+--------+-----+--------+

Top non-repeatable levels by time:
     D:2: 1539 daAuts
     D:3: 1295 daAuts
     D:1: 1123 daAuts
     D:4: 676 daAuts
     D:5: 34 daAuts
